 Dungeon Crawl Stone Soup version 0.31-a0-810-ga77100ea1a (webtiles) character file.

Game seed: 9357413372286492649

92 Hubris850 the Chopper (level 4, -3/35 HPs)
             Began as a Barachi Reaver on Sept 21, 2023.
             Was a High Priest of Ignis.
             Slain by a gnoll
             ... wielding a +0 halberd
              (6 damage)
             ... on level 2 of the Dungeon.
             The game lasted 00:06:54 (1286 turns).

Hubris850 the Chopper (Barachi Reaver)              Turns: 1286, Time: 00:06:54

Health: -3/35      AC:  6    Str: 15    XL:     4   Next: 60%
Magic:  7/7        EV: 10    Int: 14    God:    Ignis [*****.]
Gold:   786        SH:  0    Dex: 10    Spells: 6/7 levels left

rFire   + . .        a - +1 hand axe
rCold   . . .        (no shield)
rNeg    + . .        j - +0 scale mail
rPois   .            (no helmet)
rElec   .            (no cloak)
rCorr   .            (no gloves)
SInv    .            (no boots)
Will    .....        (no amulet) Stlth
                     l - ring of positive energy
HPRegen 0.25/turn    (no ring)
MPRegen 0.10/turn

%: no passive effects
@: slow
A: amphibious, slowness 1, strong legs 1, +LOS
a: Hop, Renounce Religion, Fiery Armour, Foxfire Swarm, Rising Flame


You were on level 2 of the Dungeon.
You worshipped Ignis.
Ignis was extremely pleased with you.
You visited 1 branch of the dungeon, and saw 2 of its levels.

You collected 786 gold pieces.

Inventory:

Hand Weapons
 a - a +1 hand axe (weapon)
 h - a +0 war axe
Missiles
 c - 10 poisoned darts
 e - 2 javelins
Armour
 b - a +0 leather armour
 j - a +0 scale mail (worn)
Jewellery
 l - a ring of positive energy (left hand)
Scrolls
 f - a scroll of identify
 g - a scroll of vulnerability {unknown}
 i - a scroll of summoning {unknown}
 k - a scroll of blinking {unknown}
Potions
 d - a potion of might
 m - a potion of haste {unknown}


   Skills:
 + Level 3.4 Fighting
 + Level 4.0 Axes
 + Level 2.2 Armour
 + Level 3.1 Dodging
 - Level 2.2 Spellcasting
 - Level 3.2 Conjurations


You had 6 spell levels left.
You knew the following spells:

 Your Spells              Type           Power      Damage    Failure   Level
a - Kiss of Death         Conj/Necr      24%        2d7       43%         1

Your spell library contained the following spells:

 Spells                   Type           Power      Damage    Failure   Level
 Momentum Strike          Conj/Tloc      12%        3d8       56%         2
 Hailstorm                Conj/Ice       6%         3d4       80%         3


Dungeon Overview and Level Annotations

Branches:
Dungeon (2/15)

Altars:
Ignis

Shops:
D:1 =


Innate Abilities, Weirdness & Mutations

You are amphibious.
You cover ground slowly.
You can hop short distances.
You have an extended range of vision and can be seen from far away.


Message History

The endoplasm freezes you.
You are frozen.
You hit the endoplasm.
The endoplasm is almost dead.
The endoplasm hits you but does no damage.
You hit the endoplasm.
You kill the endoplasm!
No target in view!
m - a clear potion
Found a stone staircase leading up.
A gnoll and a worm come into view.
Found 7 gold pieces.
The gnoll shouts!
You hear a shout! x2
A gnoll comes into view. It is wielding a +0 flail.
A gnoll comes into view. It is wielding a +0 halberd.
The gnoll closely misses you. The gnoll barely misses you.
A gnoll comes into view. It is wielding a +0 halberd.
The gnoll barely misses you.
You hit the gnoll.
The gnoll is moderately wounded.
The gnoll barely misses you.
You hit the gnoll but do no damage.
The gnoll is moderately wounded.
The gnoll hits you from afar with a +0 halberd!
The gnoll hits you with a +0 halberd.
You closely miss the gnoll.
The gnoll is moderately wounded.
The gnoll hits you from afar with a +0 halberd!
The gnoll hits you but does no damage.
You barely miss the gnoll.
The gnoll is moderately wounded.
The gnoll hits you from afar with a +0 halberd!
* * * LOW HITPOINT WARNING * * *
The gnoll hits you with a +0 halberd.
* * * LOW HITPOINT WARNING * * *
The gnoll hits you from afar with a +0 halberd.
* * * LOW HITPOINT WARNING * * *
The gnoll hits you from afar with a +0 halberd.
You die...

.......###.>.)......†..........#.
...............#####.#.##..###.#.
######.####.........<............
#.# #..........#####.###.#.
#.####.######.... #.....##
#......#....#.### #######
##<......[..#. .#
#######.####+#####. #...@.g..#..
#####....#.# #. #...g#.# #.
###...g# ## #.###....$..... #.#
..#.###### #.. .... ### g.#<#
g.###


You could see 3 gnolls.

Vanquished Creatures
  3 adders (D:2)
  2 worms (D:2)
  4 ball pythons
  4 bats (D:2)
  3 endoplasms
  6 giant cockroaches
  3 goblins
  6 hobgoblins
  4 jackals (D:2)
  9 kobolds
  2 quokkas (D:1)
  4 frilled lizards
  4 rats
54 creatures vanquished.

Notes
Turn   | Place    | Note
-------+----------+-------------------------------------------
     0 | D:1      | Hubris850 the Barachi Reaver began the quest for the Orb.
     0 | D:1      | Reached XP level 1. HP: 17/17 MP: 3/3
   125 | D:1      | Reached XP level 2. HP: 22/23 MP: 5/5
   144 | D:1      | Found Uninluado's Jewellery Emporium.
   153 | D:1      | Reached skill level 1 in Armour
   333 | D:1      | Reached XP level 3. HP: 26/28 MP: 6/6
   357 | D:1      | Found a faded altar of an unknown god.
   387 | D:1      | Prayed at the altar of an unknown god.
   387 | D:1      | Became a worshipper of Ignis, the Dying Flame
   879 | D:2      | Identified a scroll of acquirement
   879 | D:2      | Acquired 684 gold pieces
   882 | D:2      | Reached XP level 4. HP: 35/35 MP: 7/7
  1208 | D:2      | Reached skill level 4 in Axes
  1282 | D:2      | HP: 1/35 [gnoll/+0 halberd (4)]
  1286 | D:2      | Slain by a gnoll

Illustrated notes

Levels and vault maps discovered:
D:1:      minmay_arrival_stone_box, layout_basic,
          hellmonk_ecumenical_altar_run_dry, serial_shops, shop
D:2:      layout_basic

Skill      XL: |  1  2  3  4 |
---------------+-------------+-----
Armour         | 1 2 |  2.2
Fighting       | 3 |  3.4
Dodging        | 3 |  3.1
Axes           | 4 |  4.0
Spellcasting   | |  2.2
Conjurations   | |  3.2

Action                     |  1- 3 |  4- 6 || total
---------------------------+-------+-------++-------
  Melee: Hand axe          |   125 |    61 ||   186
         Punch             |     1 |       ||     1
Ability: Hop               |     1 |       ||     1
    Use: Scroll            |     3 |       ||     3
 Armour: Leather armour    |    88 |    29 ||   117
         Scale mail        |       |    11 ||    11
  Dodge: Dodged            |   100 |    47 ||   147

Table legend: (Time is in decaauts)
 A = Elapsed time spent in this place.
 B = Non-inter-level travel time spent in this place.
 C = Inter-level travel time spent in this place.
 D = Time resting spent in this place.
 E = Time spent auto-exploring this place.
 F = Levels seen in this place.
 G = Mean time per level.
                   A        B        C        D        E       F      G
               +--------+--------+--------+--------+--------+-----+--------+
         Total |   1441 |   1431 |     10 |    103 |    836 |   2 |  720.5 |
       Dungeon |   1441 |   1431 |     10 |    103 |    836 |   2 |  720.5 |
               +--------+--------+--------+--------+--------+-----+--------+

Top non-repeatable levels by time:
     D:2: 755 daAuts
     D:1: 685 daAuts
